[Event "Australian-ch 2018"]
[Site "Sydney"]
[Date "2018.01.04"]
[Round "4"]
[White "Winkelman, Albert"]
[Black "O'Connell, Kevin J"]
[Result "1-0"]
[ECO "A00"]
[WhiteElo "2017"]
[BlackElo "2328"]
[Annotator "ChessBase"]
[PlyCount "83"]
[EventDate "2018.01.02"]
[EventType "tourn"]
[EventCountry "AUS"]
[SourceTitle "playchess.com"]
[Source "ChessBase"]
[SourceQuality "1"]
[TimeControl "40/5400+30:1800+30"]

1. e4 c5 2. Nf3 d6 3. d4 cxd4 4. Nxd4 Nf6 5. Nc3 a6 6. h3 e5 7. Nde2 Be7 8. g4 Be6 9. Bg2 Nc6 10. Be3 Na5 11. b3 Nc6 12. O-O h5 13. g5 Nh7 14. h4 f6 15. g6 Nf8 16. f4 Nxg6 17. f5 Nxh4 18. fxe6 Nxg2 19. Kxg2 Qc8 20. Nd5 Bd8 21. Ng3 Qxe6 22. Nf5 Kf7 23. Nb6 Bxb6 24. Bxb6 g6 25. Nxd6+ Kg7 26. Kh2 Rad8 27. Bxd8 Rxd8 28. Nf5+ gxf5 29. Qxh5 fxe4 30. Rg1+ Kf8 31. Qh8+ Ke7 32. Rg7+ Kd6 33. Rd1+ Kc5 34. Rxd8 Qf5 35. Kg1 e3 36. Rg2 Qf3 37. Rd3 e4 38. Rc3+ Kb4 39. Rc4+ Ka3 40. Ra4+ Kb2 41. Qh4 f5 42. Qe1 1-0

[Event "Australian-ch 2018"]
[Site "Sydney"]
[Date "2018.01.04"]
[Round "4"]
[White "Hardegen, Andrew"]
[Black "Yang, Ray"]
[Result "1/2-1/2"]
[ECO "A00"]
[WhiteElo "1999"]
[BlackElo "2003"]
[Annotator "NA"]
[PlyCount "132"]
[EventDate "2018.01.02"]
[EventType "tourn"]
[EventCountry "AUS"]
[SourceTitle "playchess.com"]
[Source "ChessBase"]
[SourceQuality "1"]
[TimeControl "40/5400+30:1800+30"]

1. d4 Nf6 2. c4 g6 3. Nc3 d5 4. cxd5 Nxd5 5. e4 Nxc3 6. bxc3 Bg7 7. Nf3 c5 8. Rb1 O-O 9. Be2 cxd4 10. cxd4 Qa5+ 11. Bd2 Qxa2 12. O-O Qe6 13. Bd3 b6 14. d5 Qd7 15. Qe2 Bb7 16. Rfc1 Rc8 17. Bc4 Qd8 18. Bg5 h6 19. Bf4 a5 20. Qe3 g5 21. Be5 Bxe5 22. Nxe5 Nd7 23. Nxd7 Qxd7 24. Qxb6 Rcb8 25. Qxh6 Qg4 26. Bd3 Bc8 27. e5 Qh4 28. Qxh4 gxh4 29. f4 a4 30. Rxb8 Rxb8 31. Rc7 a3 32. Ra7 Rb3 33. Ra8 a2 34. Rxc8+ Kg7 35. Rc1 Rxd3 36. Ra1 Ra3 37. Kf2 Kg6 38. g4 hxg3+ 39. hxg3 Kf5 40. Kg2 f6 41. exf6 Kxf6 42. Kh3 Kf5 43. Kh4 Ke4 44. Kg4 Kxd5 45. Kf5 e6+ 46. Kf6 Ra4 47. Rd1+ Ke4 48. Ra1 Ra6 49. Kg5 Kf3 50. g4 Ra4 51. Rf1+ Ke3 52. Ra1 Kf3 53. Rf1+ Ke4 54. Re1+ Kd5 55. Ra1 Kd6 56. f5 exf5 57. gxf5 Ke7 58. Kg6 Rg4+ 59. Kh5 Rg2 60. Kh4 Kf6 61. Kh3 Rb2 62. Kg3 Kxf5 63. Kf3 Ke5 64. Ke3 Rb3+ 65. Kd2 Rh3 66. Kc2 Kd4 1/2-1/2

[Event "Australian-ch 2018"]
[Site "Sydney"]
[Date "2018.01.04"]
[Round "4"]
[White "Willathgamuwa, Rowan"]
[Black "Kethro, Michael"]
[Result "0-1"]
[ECO "A00"]
[WhiteElo "1980"]
[BlackElo "2195"]
[Annotator "ChessBase"]
[PlyCount "100"]
[EventDate "2018.01.02"]
[EventType "tourn"]
[EventCountry "AUS"]
[SourceTitle "playchess.com"]
[Source "ChessBase"]
[SourceQuality "1"]
[TimeControl "40/5400+30:1800+30"]

1. Nf3 c5 2. g3 Nc6 3. c4 g6 4. Bg2 Bg7 5. Nc3 e5 6. d3 Nge7 7. Nd2 d6 8. Nf1 O-O 9. Ne3 a6 10. Ned5 Rb8 11. Rb1 b5 12. cxb5 axb5 13. Nxe7+ Nxe7 14. b4 cxb4 15. Nd5 Bb7 16. Qb3 Nxd5 17. Bxd5 Qa5 18. Bd2 Bxd5 19. Qxd5 Qa8 20. Qxa8 Rxa8 21. Bxb4 Rxa2 22. Bxd6 Rd8 23. Be7 Rd7 24. Bc5 Rc7 25. Bd6 Rc6 26. Be7 Ra7 27. Bb4 Rc2 28. Bd6 Rb7 29. f3 b4 30. Kf2 b3 31. Rhc1 Rxc1 32. Rxc1 f5 33. Ke3 e4 34. Kd2 exd3 35. exd3 Bd4 36. Bf4 Kf7 37. Be3 Bf6 38. d4 Ke6 39. Rb1 Kd5 40. Kc3 b2 41. h4 h5 42. Bf2 Rc7+ 43. Kd3 Rb7 44. Kc3 Rb8 45. Be3 Rb5 46. Bf2 Bg7 47. Be3 Ra5 48. Kxb2 Bxd4+ 49. Bxd4 Rb5+ 50. Kc2 Rxb1 0-1

[Event "Australian-ch 2018"]
[Site "Sydney"]
[Date "2018.01.04"]
[Round "4"]
[White "Silver, Dmitri"]
[Black "Ferozkohi, Ihsan"]
[Result "1-0"]
[ECO "A00"]
[WhiteElo "1905"]
[BlackElo "2130"]
[Annotator "ChessBase"]
[PlyCount "129"]
[EventDate "2018.01.02"]
[EventType "tourn"]
[EventCountry "AUS"]
[SourceTitle "playchess.com"]
[Source "ChessBase"]
[SourceQuality "1"]
[TimeControl "40/5400+30:1800+30"]

1. e4 e6 2. d4 d5 3. Nc3 Nf6 4. e5 Nfd7 5. f4 c5 6. Nce2 cxd4 7. Nxd4 Nc6 8. Ngf3 Nxd4 9. Nxd4 Bc5 10. c3 Qb6 11. b4 Be7 12. Be3 Qd8 13. Bd3 Nb6 14. Qe2 Bd7 15. O-O Rc8 16. f5 exf5 17. Nxf5 Bxf5 18. Bxf5 Rxc3 19. e6 d4 20. Bd2 Rc6 21. Qh5 Qd5 22. exf7+ Kf8 23. Rae1 Nd7 24. Qe2 Qd6 25. Bf4 d3 26. Qe3 Qxb4 27. Kh1 Nf6 28. Bxd3 Kxf7 29. Bg5 Rd8 30. Bf5 Qc5 31. Qb3+ Kf8 32. Bxh7 Qd5 33. Qxb7 Rd7 34. Qa8+ Rd8 35. Qxa7 Bc5 36. Qa4 Rb6 37. Rd1 Qa8 38. Qc4 Rxd1 39. Qg8+ Ke7 40. Qxg7+ Kd6 41. Rxd1+ Nd5 42. Qe7+ Kc6 43. Qe6+ Kc7 44. Qxd5 Qxd5 45. Rxd5 Bf8 46. g3 Rb2 47. Rd2 Rb5 48. Bf4+ Kb6 49. h4 Bg7 50. Bg6 Bc3 51. Rc2 Bd4 52. h5 Rb1+ 53. Kg2 Re1 54. Kf3 Bf6 55. Be4 Bd4 56. h6 Rf1+ 57. Kg4 Re1 58. Bf3 Re8 59. Rc6+ Kb5 60. Rg6 Rh8 61. Kh5 Kc4 62. Rc6+ Kb5 63. Re6 Rf8 64. Be2+ Kc5 65. Bd6+ 1-0

[Event "Australian-ch 2018"]
[Site "Sydney"]
[Date "2018.01.04"]
[Round "5"]
[White "Xie, George Wendi"]
[Black "Puccini, Jack"]
[Result "1/2-1/2"]
[ECO "D01"]
[WhiteElo "2369"]
[BlackElo "2278"]
[Annotator "ChessBase"]
[PlyCount "125"]
[EventDate "2018.01.02"]
[EventType "tourn"]
[EventCountry "AUS"]
[SourceTitle "playchess.com"]
[Source "ChessBase"]
[SourceQuality "1"]
[TimeControl "40/5400+30:1800+30"]

1. d4 Nf6 2. Nc3 d5 3. Bg5 Nbd7 4. Qd3 c5 5. Bxf6 Nxf6 6. dxc5 e6 7. e4 dxe4 8. Qxd8+ Kxd8 9. O-O-O+ Kc7 10. Nb5+ Kb8 11. Nd6 Bxd6 12. cxd6 Rd8 13. Nh3 h6 14. c4 b6 15. g4 Ne8 16. d7 Rxd7 17. Bg2 Nd6 18. Rhe1 Kc7 19. Bxe4 Nxe4 20. Rxd7+ Kxd7 21. Rxe4 Bb7 22. Re3 Rc8 23. Rc3 Ba6 24. Ra3 Rxc4+ 25. Kd2 Bb7 26. Rxa7 Kc7 27. f3 Rd4+ 28. Ke3 Rb4 29. b3 Kb8 30. Ra3 h5 31. gxh5 Rh4 32. Ng5 Rxh5 33. Kf4 Bd5 34. Kg4 Rxh2 35. Nxf7 Rg2+ 36. Kf4 Rf2 37. Ne5 Rh2 38. Ng4 Rd2 39. Ra4 Kb7 40. Ke3 Rc2 41. Ne5 Rh2 42. Nd3 g5 43. Nf2 Rh8 44. Ne4 Rg8 45. Rd4 Kc6 46. Nd2 Ra8 47. a4 b5 48. axb5+ Kxb5 49. Rg4 Ra3 50. Rxg5 Kc6 51. Rg8 Kc7 52. Rg1 Bxb3 53. Rc1+ Bc2+ 54. Kf4 Rc3 55. Ne4 Rc6 56. Ra1 Bxe4 57. fxe4 Rc5 58. Ra7+ Kd6 59. e5+ Kc6 60. Ra6+ Kd7 61. Ra7+ Kc6 62. Ra6+ Kd7 63. Ra7+ 1/2-1/2

[Event "Australian-ch 2018"]
[Site "Sydney"]
[Date "2018.01.05"]
[Round "5"]
[White "O'Connell, Kevin J"]
[Black "Hardegen, Andrew"]
[Result "1-0"]
[ECO "A00"]
[WhiteElo "2328"]
[BlackElo "1999"]
[Annotator "ChessBase"]
[PlyCount "67"]
[EventDate "2018.01.02"]
[EventType "tourn"]
[EventCountry "AUS"]
[SourceTitle "playchess.com"]
[Source "ChessBase"]
[SourceQuality "1"]
[TimeControl "40/5400+30:1800+30"]

1. e4 e6 2. d4 d5 3. Nc3 Bb4 4. e5 c5 5. a3 Bxc3+ 6. bxc3 Ne7 7. a4 b6 8. Bb5+ Bd7 9. Bd3 Qc7 10. Nf3 c4 11. Be2 Nbc6 12. O-O h6 13. Ba3 g5 14. h3 Ng6 15. Bd6 Qd8 16. Nh2 f5 17. exf6 Qxf6 18. Bh5 O-O-O 19. Ng4 Qf5 20. Bxg6 Qxg6 21. Ne5 Nxe5 22. dxe5 g4 23. h4 g3 24. a5 Kb7 25. Rb1 Rhg8 26. Qd4 b5 27. f3 Qxc2 28. Qc5 Rc8 29. Rxb5+ Bxb5 30. Qxb5+ Ka8 31. Rb1 Qb3 32. Rxb3 cxb3 33. a6 Rg7 34. Qxb3 1-0

[Event "Australian-ch 2018"]
[Site "Sydney"]
[Date "2018.01.05"]
[Round "5"]
[White "Brown, Andrew"]
[Black "Winkelman, Albert"]
[Result "1-0"]
[ECO "A00"]
[WhiteElo "2293"]
[BlackElo "2017"]
[Annotator "ChessBase"]
[PlyCount "69"]
[EventDate "2018.01.02"]
[EventType "tourn"]
[EventCountry "AUS"]
[SourceTitle "playchess.com"]
[Source "ChessBase"]
[SourceQuality "1"]
[TimeControl "40/5400+30:1800+30"]

1. d4 Nf6 2. c4 e6 3. Nc3 Bb4 4. e3 O-O 5. Bd3 d5 6. Nf3 c5 7. O-O Nc6 8. a3 Bxc3 9. bxc3 b6 10. cxd5 exd5 11. Ne5 Nxe5 12. dxe5 Nd7 13. f4 c4 14. Bc2 Nc5 15. a4 Re8 16. Ba3 Ne4 17. Bxe4 dxe4 18. Bd6 f5 19. Qh5 Be6 20. Rfd1 Qd7 21. a5 Qb7 22. h3 Qf7 23. Qh4 Kh8 24. Kh2 Rg8 25. Rf1 bxa5 26. g4 Bd7 27. Rxa5 Be6 28. Qg5 Qb7 29. gxf5 Qb2+ 30. Kh1 Qxc3 31. Ra3 Qb2 32. fxe6 c3 33. Qg2 c2 34. Raa1 Qb3 35. Qxe4 1-0

[Event "Australian-ch 2018"]
[Site "Sydney"]
[Date "2018.01.05"]
[Round "5"]
[White "Guichard, Pauline"]
[Black "Silver, Dmitri"]
[Result "1-0"]
[ECO "A00"]
[WhiteElo "2269"]
[BlackElo "1905"]
[Annotator "ChessBase"]
[PlyCount "95"]
[EventDate "2018.01.02"]
[EventType "tourn"]
[EventCountry "AUS"]
[SourceTitle "playchess.com"]
[Source "ChessBase"]
[SourceQuality "1"]
[TimeControl "40/5400+30:1800+30"]

1. Nf3 c6 2. c4 Nf6 3. b3 d5 4. Bb2 Bf5 5. d3 e6 6. Nh4 Bg6 7. Nxg6 hxg6 8. Nd2 Ng4 9. cxd5 cxd5 10. h3 Ne3 11. Qc1 Nxf1 12. Kxf1 Nc6 13. Nf3 Rc8 14. Qe3 Qd7 15. g3 f6 16. Kg2 Bd6 17. Rac1 Kf7 18. a3 e5 19. Nd2 a6 20. h4 Bb8 21. Qf3 Ba7 22. e3 Qe6 23. b4 Ne7 24. h5 g5 25. e4 g4 26. Qe2 Rxc1 27. Bxc1 f5 28. Nf1 fxe4 29. dxe4 d4 30. Bg5 Ng8 31. Nd2 Nf6 32. Bxf6 gxf6 33. Nc4 Bb8 34. Qd3 Kg7 35. Rh4 Kh7 36. Na5 Rc8 37. Nxb7 Rc3 38. Nc5 Rxd3 39. Nxe6 Bd6 40. Rxg4 Rxa3 41. Rg7+ Kh6 42. Rd7 Bxb4 43. Ng7 f5 44. Nxf5+ Kg5 45. h6 Rc3 46. h7 Rc8 47. Rg7+ Kf6 48. Rg8 1-0

[Event "Australian-ch 2018"]
[Site "Sydney"]
[Date "2018.01.04"]
[Round "5"]
[White "Kargosha, Bahman"]
[Black "Solomon, Stephen J"]
[Result "1/2-1/2"]
[ECO "D60"]
[WhiteElo "2210"]
[BlackElo "2365"]
[Annotator "ChessBase"]
[PlyCount "103"]
[EventDate "2018.01.02"]
[EventType "tourn"]
[EventCountry "AUS"]
[SourceTitle "playchess.com"]
[Source "ChessBase"]
[SourceQuality "1"]
[TimeControl "40/5400+30:1800+30"]

1. d4 Nf6 2. Nf3 d5 3. c4 e6 4. Nc3 Be7 5. Bg5 O-O 6. e3 Nbd7 7. cxd5 exd5 8. Bd3 c5 9. O-O c4 10. Bc2 a6 11. Ne5 Qc7 12. Nxd7 Qxd7 13. Bxf6 Bxf6 14. Qh5 g6 15. Qxd5 Qxd5 16. Nxd5 Bd8 17. Be4 Rb8 18. Rfc1 Re8 19. Bf3 b5 20. Nb4 Rb6 21. b3 Be6 22. bxc4 Bxc4 23. Nc6 Bf6 24. a4 Rc8 25. axb5 axb5 26. Na5 Be6 27. Rxc8+ Bxc8 28. Rc1 Bd7 29. Rc7 Ra6 30. Rxd7 Rxa5 31. g3 Kf8 32. Rb7 Be7 33. Bc6 b4 34. Kg2 Ra2 35. Kf3 Rd2 36. h4 h5 37. Bd5 f5 38. Be6 Rc2 39. Bb3 Rb2 40. Be6 Rc2 41. Kg2 Rd2 42. Kf1 Rc2 43. f3 Rd2 44. Ke1 Rg2 45. e4 Rxg3 46. e5 Bxh4 47. Ke2 Bg5 48. Rxb4 h4 49. Kf2 Bf4 50. d5 Bxe5 51. Rxh4 f4 52. Rg4 1/2-1/2

[Event "Australian-ch 2018"]
[Site "Sydney"]
[Date "2018.01.05"]
[Round "5"]
[White "Kethro, Michael"]
[Black "Willathgamuwa, Kevin"]
[Result "1-0"]
[ECO "A00"]
[WhiteElo "2195"]
[BlackElo "2113"]
[Annotator "ChessBase"]
[PlyCount "101"]
[EventDate "2018.01.02"]
[EventType "tourn"]
[EventCountry "AUS"]
[SourceTitle "playchess.com"]
[Source "ChessBase"]
[SourceQuality "1"]
[TimeControl "40/5400+30:1800+30"]

1. d4 Nf6 2. c4 e5 3. dxe5 Ng4 4. Bf4 Nc6 5. Nf3 Bb4+ 6. Nbd2 Qe7 7. a3 Ngxe5 8. Nxe5 Nxe5 9. e3 Bc5 10. b4 Bd4 11. Ra2 d6 12. Be2 O-O 13. O-O Bb6 14. Nf3 c6 15. Rd2 Bc7 16. Qc2 Qf6 17. Rfd1 Bf5 18. Qb2 Rfe8 19. h3 Rad8 20. Nxe5 dxe5 21. Rxd8 Rxd8 22. Rxd8+ Qxd8 23. Bxe5 Bxe5 24. Qxe5 g6 25. Qd4 Qa8 26. Bf3 a5 27. b5 cxb5 28. cxb5 Qc8 29. b6 Qc1+ 30. Kh2 Qxa3 31. Qd8+ Kg7 32. Qd4+ f6 33. Bxb7 Qe7 34. Bf3 Bc8 35. Qd5 a4 36. b7 Qc7+ 37. g3 a3 38. bxc8=Q Qxc8 39. Qa5 Qc1 40. Kg2 Qb2 41. Bd5 Qe5 42. Qa8 Qd6 43. Qg8+ Kh6 44. Qf7 Qc5 45. Qd7 Qf8 46. h4 f5 47. Kh2 Qb8 48. Qe7 a2 49. Qg5+ Kg7 50. Qe7+ Kh6 51. Qa3 1-0

[Event "Australian-ch 2018"]
[Site "Sydney"]
[Date "2018.01.05"]
[Round "5"]
[White "Ferozkohi, Ihsan"]
[Black "Wright, Neil S"]
[Result "1/2-1/2"]
[ECO "A00"]
[WhiteElo "2130"]
[BlackElo "2126"]
[Annotator "ChessBase"]
[PlyCount "126"]
[EventDate "2018.01.02"]
[EventType "tourn"]
[EventCountry "AUS"]
[SourceTitle "playchess.com"]
[Source "ChessBase"]
[SourceQuality "1"]
[TimeControl "40/5400+30:1800+30"]

1. Nf3 c5 2. c4 Nf6 3. g3 b6 4. Bg2 Bb7 5. Nc3 g6 6. O-O Bg7 7. e3 O-O 8. d4 cxd4 9. exd4 Ne4 10. Ne2 d5 11. cxd5 Nf6 12. Nf4 Nxd5 13. Ne5 Qd6 14. Re1 Na6 15. Qb3 Nac7 16. Bd2 Rad8 17. Rac1 Ba8 18. Qa4 Nxf4 19. Bxf4 Bxg2 20. Kxg2 Ne6 21. Be3 Nxd4 22. Bxd4 Qxd4 23. Qxd4 Rxd4 24. Nc6 Rd2 25. Rxe7 a5 26. b4 axb4 27. Nxb4 Bd4 28. Rc2 Rxc2 29. Nxc2 Bc5 30. Re2 Ra8 31. Ne1 Ra3 32. Nf3 f6 33. h4 Kf7 34. Ng1 Be7 35. Nh3 Bd6 36. Rb2 Ra6 37. Ng1 Ke6 38. Rd2 Be5 39. Ne2 Ra4 40. f4 Ba1 41. Kf3 b5 42. Nc1 Ra3+ 43. Nb3 Bc3 44. Rc2 b4 45. g4 f5 46. Re2+ Kd5 47. h5 gxh5 48. gxf5 Kc4 49. Rh2 Rxa2 50. Rxa2 Kxb3 51. Rh2 Kc4 52. Rxh5 b3 53. Rxh7 b2 54. Rh1 Kd3 55. Kg4 Kc2 56. Kg5 b1=Q 57. Rxb1 Kxb1 58. f6 Kc2 59. Kg6 Kd3 60. f7 Bb4 61. f5 Ke4 62. f6 Ke5 63. Kg7 Ke6 1/2-1/2

[Event "Australian-ch 2018"]
[Site "Sydney"]
[Date "2018.01.05"]
[Round "5"]
[White "Huynh, Arthur"]
[Black "McNamara, Gary"]
[Result "1-0"]
[ECO "A00"]
[WhiteElo "2042"]
[BlackElo "2134"]
[Annotator "ChessBase"]
[PlyCount "53"]
[EventDate "2018.01.02"]
[EventType "tourn"]
[EventCountry "AUS"]
[SourceTitle "playchess.com"]
[Source "ChessBase"]
[SourceQuality "1"]
[TimeControl "40/5400+30:1800+30"]

1. d4 c5 2. d5 g6 3. c4 Bg7 4. Nf3 d6 5. e4 e5 6. Nc3 Ne7 7. Be2 O-O 8. O-O h6 9. Ne1 f5 10. Nd3 Nd7 11. Bd2 Nf6 12. f3 f4 13. Rb1 a5 14. a3 h5 15. b4 axb4 16. axb4 b6 17. bxc5 bxc5 18. Qb3 Nd7 19. Nb5 Rf6 20. Ra1 Ra6 21. Rxa6 Bxa6 22. Ra1 Qb6 23. Nb2 Nc8 24. Qa4 Bxb5 25. Qxb5 Qxb5 26. cxb5 Ncb6 27. Ra6 1-0

[Event "Australian-ch 2018"]
[Site "Sydney"]
[Date "2018.01.05"]
[Round "5"]
[White "Yang, Ray"]
[Black "Willathgamuwa, Rowan"]
[Result "1-0"]
[ECO "A00"]
[WhiteElo "2003"]
[BlackElo "1980"]
[Annotator "NA"]
[PlyCount "75"]
[EventDate "2018.01.02"]
[EventType "tourn"]
[EventCountry "AUS"]
[SourceTitle "playchess.com"]
[Source "ChessBase"]
[SourceQuality "1"]
[TimeControl "40/5400+30:1800+30"]

1. d4 d5 2. c4 c6 3. Nf3 Nf6 4. e3 g6 5. Nc3 Bg7 6. Be2 O-O 7. O-O e6 8. b4 b6 9. a4 a5 10. Ba3 axb4 11. Bxb4 c5 12. dxc5 Ne4 13. Nxe4 Bxa1 14. Qxa1 dxe4 15. cxb6 exf3 16. Bxf3 Ra6 17. Rd1 Qe8 18. Qf6 Nd7 19. Rxd7 Bxd7 20. Bc3 e5 21. Bxe5 Qxe5 22. Qxe5 Rxb6 23. h3 Bxa4 24. Qa5 Rb1+ 25. Kh2 Bd7 26. c5 Rc8 27. Qd2 Rxc5 28. Qxd7 Rc2 29. Kg3 h5 30. Qe7 Rd2 31. e4 Rc1 32. Bxh5 Rcc2 33. Bf3 Rxf2 34. Kf4 Kg7 35. Kg5 Rb2 36. Qf6+ Kf8 37. Kh6 Rfd2 38. e5 1-0

[Event "Australian-ch 2018"]
[Site "Sydney"]
[Date "2018.01.05"]
[Round "5"]
[White "Leaver, Kyle"]
[Black "Zhang, Jilin"]
[Result "1/2-1/2"]
[ECO "A00"]
[WhiteElo "1973"]
[BlackElo "2267"]
[Annotator "ChessBase"]
[PlyCount "94"]
[EventDate "2018.01.02"]
[EventType "tourn"]
[EventCountry "AUS"]
[SourceTitle "playchess.com"]
[Source "ChessBase"]
[SourceQuality "1"]
[TimeControl "40/5400+30:1800+30"]

1. d4 d6 2. Nf3 Nf6 3. c4 g6 4. Nc3 Bg7 5. e4 O-O 6. Be2 c5 7. d5 e6 8. O-O exd5 9. exd5 Bg4 10. Qb3 Qc7 11. Re1 a6 12. a4 Nbd7 13. a5 Rab8 14. Bd2 b6 15. axb6 Rxb6 16. Qa3 Qb7 17. Nd1 Ne4 18. Bf4 f5 19. Nd2 Nxd2 20. Bxd2 Bxe2 21. Rxe2 Ne5 22. Qa4 f4 23. f3 Nd3 24. Bc3 Bxc3 25. bxc3 Ne5 26. Nf2 Qg7 27. Ne4 g5 28. h3 h5 29. Nf2 Kh8 30. Rae1 Qg6 31. Rxe5 dxe5 32. Ne4 g4 33. hxg4 hxg4 34. Qd7 gxf3 35. Qh3+ Kg7 36. Qxf3 Rh8 37. d6 Rxd6 38. Nxd6 Qxd6 39. Rd1 Qe6 40. Qb7+ Kg6 41. Qc7 Rc8 42. Qb7 Rf8 43. Qc7 Rf7 44. Qxc5 Rf6 45. Rd5 f3 46. Rxe5 Qg4 47. Qf2 fxg2 1/2-1/2

[Event "Australian-ch 2018"]
[Site "Sydney"]
[Date "2018.01.04"]
[Round "5"]
[White "Parle, Hughston"]
[Black "Clarke, Brandon G I"]
[Result "0-1"]
[ECO "B50"]
[WhiteElo "1961"]
[BlackElo "2360"]
[Annotator "ChessBase"]
[PlyCount "58"]
[EventDate "2018.01.02"]
[EventType "tourn"]
[EventCountry "AUS"]
[SourceTitle "playchess.com"]
[Source "ChessBase"]
[SourceQuality "1"]
[TimeControl "40/5400+30:1800+30"]

1. e4 c5 2. Nf3 d6 3. d3 g6 4. Nbd2 Bg7 5. g3 Nc6 6. Bg2 e5 7. O-O Nge7 8. a4 O-O 9. c3 h6 10. Ne1 f5 11. f4 exf4 12. gxf4 Kh7 13. Nc2 fxe4 14. dxe4 Be6 15. Ne3 Qd7 16. Ndc4 Rad8 17. Nd5 Bg4 18. Qe1 Nxd5 19. exd5 Ne7 20. Be3 Nf5 21. Qd2 Nh4 22. f5 Bxf5 23. Rf4 g5 24. Rxf5 Qxf5 25. Nxd6 Rxd6 26. Bxc5 Rdf6 27. Bxf8 Bxf8 28. b4 Bd6 29. Rf1 Qxf1+ 0-1

[Event "Australian-ch 2018"]
[Site "Sydney"]
[Date "2018.01.05"]
[Round "5"]
[White "Asaka, Samuel"]
[Black "Reilly, Tim"]
[Result "1/2-1/2"]
[ECO "A00"]
[WhiteElo "1959"]
[BlackElo "2169"]
[Annotator "ChessBase"]
[PlyCount "107"]
[EventDate "2018.01.02"]
[EventType "tourn"]
[EventCountry "AUS"]
[SourceTitle "playchess.com"]
[Source "ChessBase"]
[SourceQuality "1"]
[TimeControl "40/5400+30:1800+30"]

1. d4 d6 2. Nf3 g6 3. g3 Bg7 4. Bg2 Nf6 5. c4 O-O 6. O-O Nc6 7. Nc3 a6 8. Bf4 Bd7 9. Rc1 Nh5 10. Bg5 h6 11. Be3 f5 12. d5 Ne5 13. c5 f4 14. Bd4 Qe8 15. Bxe5 dxe5 16. d6 cxd6 17. cxd6 exd6 18. Qxd6 Bc6 19. Nd5 Rd8 20. Ne7+ Kf7 21. Nxe5+ Bxe5 22. Qxe5 Qxe7 23. Qxe7+ Kxe7 24. Bxc6 bxc6 25. Rxc6 Rf6 26. Rc7+ Rd7 27. Rfc1 Rfd6 28. Rc8 Rd2 29. Rh8 Kf6 30. Rf8+ Kg7 31. Ra8 Rxe2 32. Rxa6 f3 33. Ra3 Rxb2 34. Rxf3 Rxa2 35. Rf1 g5 36. h3 Nf6 37. Re3 Rdd2 38. Ree1 Re2 39. Kg2 Kg6 40. Kf3 Rxe1 41. Rxe1 Ra3+ 42. Kg2 h5 43. Re2 g4 44. hxg4 hxg4 45. Rb2 Nd7 46. Rb5 Kf6 47. Rb2 Ne5 48. Rb1 Ra2 49. Rb6+ Kf5 50. Rb5 Ra1 51. Kh2 Ke6 52. Kg2 Nf3 53. Rb6+ Kd7 54. Rd6+ 1/2-1/2

[Event "Australian-ch 2018"]
[Site "Sydney"]
[Date "2018.01.06"]
[Round "6"]
[White "Lane, Gary W"]
[Black "Huynh, Arthur"]
[Result "1-0"]
[ECO "C65"]
[WhiteElo "2401"]
[BlackElo "2042"]
[Annotator "ChessBase"]
[PlyCount "89"]
[EventDate "2018.01.02"]
[EventType "tourn"]
[EventCountry "AUS"]
[SourceTitle "playchess.com"]
[Source "ChessBase"]
[SourceQuality "1"]
[TimeControl "40/5400+30:1800+30"]

1. e4 e5 2. Nf3 Nc6 3. Bb5 Nf6 4. d3 Bc5 5. Bxc6 dxc6 6. Qe2 Nd7 7. Be3 Bd6 8. Nbd2 O-O 9. O-O-O c5 10. g4 Nb8 11. Rhg1 Nc6 12. c3 b5 13. Nf1 b4 14. c4 Nd4 15. Nxd4 cxd4 16. Bd2 c6 17. Kb1 Rb8 18. Ng3 b3 19. a3 Qe7 20. Nf5 Bxf5 21. gxf5 f6 22. Rg3 Rf7 23. Rdg1 Bxa3 24. Bh6 Bd6 25. Rxg7+ Rxg7 26. Rxg7+ Qxg7 27. Bxg7 Kxg7 28. Qe1 Bb4 29. Qd1 Ba5 30. f4 Bc7 31. fxe5 Bxe5 32. Qd2 Kh8 33. Kc1 Rg8 34. Qb4 Rb8 35. Qa4 h5 36. h3 a5 37. Kd1 h4 38. Ke2 c5 39. Qxa5 Rg8 40. Qxc5 Rg2+ 41. Kf3 Rg3+ 42. Kf2 Rxh3 43. Qf8+ Kh7 44. Qf7+ Kh8 45. Qh5+ 1-0

[Event "Australian-ch 2018"]
[Site "Sydney"]
[Date "2018.01.06"]
[Round "6"]
[White "Solomon, Stephen J"]
[Black "Asaka, Samuel"]
[Result "1-0"]
[ECO "A00"]
[WhiteElo "2365"]
[BlackElo "1959"]
[Annotator "ChessBase"]
[PlyCount "113"]
[EventDate "2018.01.02"]
[EventType "tourn"]
[EventCountry "AUS"]
[SourceTitle "playchess.com"]
[Source "ChessBase"]
[SourceQuality "1"]
[TimeControl "40/5400+30:1800+30"]

1. e4 c6 2. c4 d5 3. cxd5 cxd5 4. exd5 Nf6 5. Nc3 Nxd5 6. d4 g6 7. Nf3 Bg7 8. Bc4 Nxc3 9. bxc3 O-O 10. O-O Nc6 11. Bg5 Qc7 12. Bb3 Na5 13. Re1 Nxb3 14. Qxb3 Re8 15. Re3 e6 16. Bh4 Bd7 17. Bg3 Qb6 18. Ne5 Qxb3 19. axb3 Bxe5 20. Bxe5 a5 21. h4 h5 22. c4 a4 23. b4 b5 24. c5 Bc6 25. f3 Kh7 26. Bf6 Ra7 27. g4 Rd7 28. Kf2 Rg8 29. Rg1 Rd5 30. Ke2 Kh6 31. Kd2 Ra8 32. Ra3 Rg8 33. Kc2 Rd7 34. Kb2 Ra7 35. gxh5 Kxh5 36. Rg5+ Kh6 37. f4 Rd7 38. h5 Rd5 39. Rh3 Rxg5 40. fxg5+ Kh7 41. h6 Ra8 42. Ra3 Ra7 43. Be5 Ra6 44. Kc3 Be4 45. Kd2 Bf5 46. Ke3 Bc2 47. Kf4 Bb3 48. Bd6 Bd5 49. Ke5 Bb3 50. Kf6 Bc4 51. Be5 Rc6 52. Kxf7 Bd5 53. Ke7 Ra6 54. Kd7 Be4 55. Bc7 Rc6 56. Bb6 Bd5 57. Ra1 1-0

[Event "Australian-ch 2018"]
[Site "Sydney"]
[Date "2018.01.06"]
[Round "6"]
[White "Clarke, Brandon G I"]
[Black "Xie, George Wendi"]
[Result "1-0"]
[ECO "C11"]
[WhiteElo "2360"]
[BlackElo "2369"]
[Annotator "ChessBase"]
[PlyCount "73"]
[EventDate "2018.01.02"]
[EventType "tourn"]
[EventCountry "AUS"]
[SourceTitle "playchess.com"]
[Source "ChessBase"]
[SourceQuality "1"]
[TimeControl "40/5400+30:1800+30"]

1. e4 e6 2. d4 d5 3. Nc3 Nf6 4. e5 Nfd7 5. f4 c5 6. Nf3 Nc6 7. Be3 a6 8. Qd2 b5 9. dxc5 Nxc5 10. Qf2 Qe7 11. a3 Bb7 12. Be2 f5 13. exf6 gxf6 14. f5 O-O-O 15. O-O-O Ne4 16. Nxe4 dxe4 17. Nd2 Ne5 18. Nb3 Rd5 19. Nd4 exf5 20. Nxf5 Qd7 21. Rxd5 Qxd5 22. Kb1 Rg8 23. Rd1 Qe6 24. Nd4 Qe7 25. h3 Kb8 26. Nf5 Qe8 27. Bb6 Be7 28. g4 Qf7 29. Nxe7 Qxe7 30. Bc5 Qg7 31. Bd6+ Ka8 32. Qb6 Nd7 33. Qa5 Rc8 34. Bxb5 Qg5 35. Bf4 Qxf4 36. Rxd7 Rc5 37. Qb6 1-0

[Event "Australian-ch 2018"]
[Site "Sydney"]
[Date "2018.01.06"]
[Round "6"]
[White "Dale, Ari"]
[Black "Kargosha, Bahman"]
[Result "1-0"]
[ECO "E43"]
[WhiteElo "2356"]
[BlackElo "2210"]
[Annotator "ChessBase"]
[PlyCount "69"]
[EventDate "2018.01.02"]
[EventType "tourn"]
[EventCountry "AUS"]
[SourceTitle "playchess.com"]
[Source "ChessBase"]
[SourceQuality "1"]
[TimeControl "40/5400+30:1800+30"]

1. d4 Nf6 2. c4 e6 3. Nc3 Bb4 4. e3 b6 5. Bd3 Bb7 6. Nf3 Ne4 7. O-O Bxc3 8. bxc3 O-O 9. Ne1 f5 10. f3 Nf6 11. Qe2 Nc6 12. e4 fxe4 13. fxe4 e5 14. Nc2 d6 15. c5 dxc5 16. dxc5 Nd7 17. Ba3 Nxc5 18. Bxc5 bxc5 19. Bc4+ Kh8 20. Bd5 Na5 21. Ne3 c6 22. Bf7 g6 23. Rf3 Qh4 24. Raf1 Rad8 25. Bxg6 Rxf3 26. Rxf3 Bc8 27. Bf5 Bxf5 28. Nxf5 Qg5 29. h4 Qd2 30. Qa6 Rg8 31. Qf1 Nc4 32. Ne7 Ne3 33. Rf8 Qxg2+ 34. Qxg2 Rxf8 35. Qe2 1-0